 Dungeon Crawl Stone Soup version 0.30.0-19-g36f170ea60 (webtiles) character file.

Game seed: 11174849312850431134

1411 Du3lingdragon the Firebug (level 9, 0/75 HPs)
             Began as a Meteoran Cinder Acolyte on May 27, 2023.
             Was a High Priest of Ignis.
             Slain by an orc wizard
             ... wielding a +0 dagger
              (1 damage)
             ... on level 6 of the Dungeon.
             The game lasted 00:16:56 (2925 turns).

Du3lingdragon the Firebug (Meteoran Cinder Acolyte) Turns: 2925, Time: 00:16:57

Health: 0/75       AC:  6    Str: 16    XL:     9   Next: 21%
Magic:  1/17       EV: 12    Int: 20    God:    Ignis [*****.]
Gold:   339        SH:  5    Dex: 10    Spells: 16/18 levels left

rFire   + . .        o - +0 flail (protect)
rCold   + . .        (no shield)
rNeg    . . .        b - +0 ring mail
rPois   .            (no helmet)
rElec   .            (no cloak)
rCorr   .            (no gloves)
SInv    .            (no boots)
Will    ++...        q - amulet of reflection Stlth
                     m - ring of flight
HPRegen 0.32/turn    n - ring of protection from cold
MPRegen 0.15/turn

%: random rage (9%), reflection
@: flying, glowing
A: sense surroundings 2, otherworldly, glowing, explore regen, berserk 2,
strong-willed 1, inability to read after injury 1
a: Renounce Religion, Fiery Armour, Foxfire Swarm, Rising Flame


You were on level 6 of the Dungeon.
You worshipped Ignis.
Ignis was extremely pleased with you.
You visited 1 branch of the dungeon, and saw 6 of its levels.
You also visited: Sewer.

You collected 339 gold pieces.

Inventory:

Hand Weapons
 a - a -1 mace of flaming
 o - a +0 flail of protection (weapon)
Missiles
 j - a throwing net (quivered)
Armour
 b - a +0 ring mail (worn)
 g - a +0 scale mail
Jewellery
 m - a ring of flight (left hand)
 n - a ring of protection from cold (right hand)
 q - an amulet of reflection (around neck)
 w - a ring of willpower
Wands
 e - a wand of paralysis (2)
 f - a wand of flame (10)
 p - a wand of roots (10)
Scrolls
 d - 2 scrolls of identify
 l - 4 scrolls of teleportation
 v - a scroll of blinking {unknown}
Potions
 c - a potion of berserk rage
 h - a potion of might {unknown}
 i - 2 potions of resistance
 k - a potion of lignification {unknown}
 r - a potion of flight {unknown}
 s - a potion of attraction {unknown}
 t - 2 potions of curing
 u - 2 potions of mutation


   Skills:
 + Level 5.7 Fighting
 + Level 5.8 Maces & Flails
 + Level 4.8 Armour
 + Level 4.8 Dodging
 - Level 5.0 Spellcasting
 * Level 7.2 Fire Magic


You had 16 spell levels left.
You knew the following spells:

 Your Spells              Type           Power      Damage    Failure   Level
a - Scorch                Fire           66%        2d7       1%          2

Your spell library contained the following spells:

 Spells                   Type           Power      Damage    Failure   Level
 Beastly Appendage        Tmut           10%        N/A       21%         1
 Blink                    Tloc           10%        N/A       30%         2
 Sublimation of Blood     Necr           5%         N/A       30%         2
 Wereblood                Tmut           5%         N/A       30%         2
 Spider Form              Tmut/Pois      5%         N/A       52%         3
 Manifold Assault         Tloc           5%         N/A       90%         4
 Petrify                  Tmut/Erth      5%         N/A       90%         4
 Irradiate                Conj/Tmut      2%         3d12      99%         5
 Storm Form               Tmut/Air       2%         N/A       100%        7


Dungeon Overview and Level Annotations

Branches:
Dungeon (6/15) Zot: 690     Sewer (visited)
 Temple: D:4-7

Altars:
Fedhas

Shops:
D:5 (


Innate Abilities, Weirdness & Mutations

You passively map the area around you.
You are easily found by Zot.
You glow in the dark.
You regain HP and MP as you explore.
You have an uncontrollable temper.
You are strong-willed. (Will+)
You occasionally lose the ability to read scrolls when taking damage.


Message History

The foxfire hits the kobold brigand.
The kobold brigand is moderately wounded.
The foxfire hits the kobold brigand.
The kobold brigand is moderately wounded.
The foxfire hits the kobold brigand.
The kobold brigand is heavily wounded.
The foxfire hits the kobold brigand.
The kobold brigand is severely wounded.
The kobold brigand hits you with a +0 club.
* * * LOW HITPOINT WARNING * * *
You block the orc's attack. The orc hits you with a +0 dagger.
* * * LOW HITPOINT WARNING * * *
Casting: Scorch (safe; 1% risk of failure)
Confirm with . or Enter, or press ? or * to list all spells.
Flames lash the ufetubus.
The ufetubus is burned terribly!
You kill the ufetubus!
The orc hits you with a +0 dagger.
* * * LOW HITPOINT WARNING * * *
The kobold brigand misses you.
Casting: Scorch (safe; 1% risk of failure)
Confirm with . or Enter, or press ? or * to list all spells.
Flames lash the orc.
You kill the orc!
The orc hits you from afar with a +0 trident.
* * * LOW HITPOINT WARNING * * *
The orc closely misses you. The kobold brigand closely misses you.
The orc hits you from afar with a +0 trident.
* * * LOW HITPOINT WARNING * * *
The orc hits you but does no damage.
The kobold brigand hits you with a +0 club!
* * * LOW HITPOINT WARNING * * *
Something hits you but does no damage.
Casting: Scorch (safe; 1% risk of failure)
Confirm with . or Enter, or press ? or * to list all spells.
Flames lash the kobold brigand.
The kobold brigand is severely wounded.
The kobold brigand's fire resistance burns away.
You feel yourself speed up. You block the orc's attack. Something hits you.
You die...

.### #..# * **
##.#########
#...#.....#### *
#....<.......### ,,
#..............## ,
#...............##
* *
##.........###..K##
* #####>...##
##@o.## * ,
##......# ##{o.##
,** ##.......#
##)..## *
##...###..# ##...##
##...## ##..#
##...# * ##...##
..# ##..## * ....##
*,.# ##..## , ...##
* ## ##..## , ####
* * ##..## * .


You could see a kobold brigand (combustible) and 2 orcs.

Vanquished Creatures
  Grinder (D:4)
  Menkaure (D:6)
  2 water moccasins
  2 ice beasts (D:5)
  3 scorpions
  A howler monkey (D:5)
  4 hounds
  A sleepcap (D:5)
  4 iguanas
  2 orc wizards
  3 gnolls (D:2)
  3 adders
  A river rat (D:4)
  2 ufetubi (D:6)
  3 worms
  17 orcs
  5 endoplasms
  3 giant cockroaches
  9 goblins
  4 hobgoblins
  2 jackals (D:4)
  19 kobolds
  7 ball pythons
  9 bats
  3 frilled lizards
  12 rats
123 creatures vanquished.

Vanquished Creatures (others)
  A kobold (D:6)
  4 foxfires (D:6)
5 creatures vanquished.

Grand Total: 128 creatures vanquished

Notes
Turn   | Place    | Note
-------+----------+-------------------------------------------
     0 | D:1      | Du3lingdragon the Meteoran Cinder Acolyte began the quest
                  | for the Orb.
     0 | D:1      | Reached XP level 1. HP: 19/19 MP: 3/3
    96 | D:1      | Reached XP level 2. HP: 26/26 MP: 5/5
   158 | D:1      | Learned a level 2 spell: Scorch
   356 | D:1      | Reached XP level 3. HP: 24/31 MP: 6/6
   391 | D:1      | Reached skill level 1 in Dodging
   413 | D:1      | Reached skill level 1 in Armour
   487 | D:1      | Glimpsed the power of Zot.
   537 | D:1      | Glimpsed the power of Zot.
   698 | D:2      | Reached XP level 4. HP: 26/40 MP: 1/8
   700 | D:2      | Reached skill level 4 in Fire Magic
  1046 | D:2      | Reached XP level 5. HP: 20/46 MP: 1/9
  1181 | D:3      | Found a blossoming altar of Fedhas.
  1531 | D:4      | Reached XP level 6. HP: 52/52 MP: 5/11
  1562 | D:4      | Noticed Grinder
  1586 | D:3      | Gained mutation: You do not regenerate when monsters are
                  | visible. [potion of mutation]
  1587 | D:3      | Lost mutation: You do not regenerate when monsters are
                  | visible. [potion of mutation]
  1587 | D:3      | Gained mutation: You sometimes lose your temper in combat.
                  | [potion of mutation]
  1587 | D:3      | Gained mutation: You occasionally lose the ability to read
                  | scrolls when taking damage. [potion of mutation]
  1587 | D:3      | Gained mutation: You have an uncontrollable temper. [potion
                  | of mutation]
  1587 | D:3      | Gained mutation: You are strong-willed. (Will+) [potion of
                  | mutation]
  1834 | D:4      | HP: 1/53 [orc/+0 short sword (2)]
  1876 | D:4      | Found a glowing drain.
  1881 | Sewer    | Entered a sewer
  1916 | Sewer    | Noticed a water moccasin
  1922 | Sewer    | Killed a water moccasin
  1923 | Sewer    | Reached skill level 5 in Fire Magic
  1923 | Sewer    | Reached XP level 7. HP: 46/60 MP: 1/13
  2155 | D:4      | Killed Grinder
  2156 | D:4      | Reached XP level 8. HP: 60/67 MP: 7/15
  2333 | D:4      | Glimpsed the power of Zot.
  2339 | D:5      | Entered Level 5 of the Dungeon
  2469 | D:5      | Found Sanias Voath's Antique Weapon Emporium.
  2492 | D:5      | Reached skill level 5 in Fighting
  2597 | D:5      | Reached skill level 5 in Maces & Flails
  2597 | D:5      | Reached skill level 6 in Fire Magic
  2604 | D:5      | Reached skill level 5 in Spellcasting
  2739 | D:5      | Gained mutation: You passively map the area around you.
                  | [Meteoran growth]
  2739 | D:5      | Reached XP level 9. HP: 72/74 MP: 4/17
  2792 | D:6      | Noticed Menkaure
  2799 | D:6      | Killed Menkaure
  2800 | D:6      | Reached skill level 7 in Fire Magic
  2924 | D:6      | HP: 1/75 [kobold brigand/+0 club (8)]
  2925 | D:6      | Slain by an orc wizard

Illustrated notes

Levels and vault maps discovered:
D:1:      dpeg_arrival_round_b, layout_loops_corners
D:2:      layout_basic, shapermc_ecumenical_altar_rom_forum
D:3:      layout_basic, mainiacjoe_overflow_catwalk
D:4:      layout_rooms, portal_sewer_entry_e, uniq_grinder
D:5:      kennysheep_six_static_rooms, layout_rooms, serial_shops, shop
D:6:      layout_layer_cave, serial_shops, nicolae_square_shop, minivault_11,
          uniq_menkaure

Skill      XL: |  1  2  3  4  5  6  7  8  9 |
---------------+----------------------------+-----
Dodging        | 1 2 3 4 |  4.8
Armour         | 1 2 3 4 |  4.8
Spellcasting   | 2 3 4 5 |  5.0
Fire Magic     | 4 5 6 7 |  7.2
Fighting       | 4 5 |  5.7
Maces & Flails | 5 |  5.8

Action                     |  1- 3 |  4- 6 |  7- 9 || total
---------------------------+-------+-------+-------++-------
  Melee: Mace              |    68 |   116 |    14 ||   198
         Punch             |     2 |     1 |       ||     3
         Flail             |       |       |    37 ||    37
  Throw: Throwing net      |       |     1 |       ||     1
   Cast: Scorch            |    16 |    45 |    55 ||   116
 Invoke: Foxfire Swarm     |       |       |     1 ||     1
    Use: Scroll            |       |     6 |     1 ||     7
         Potion            |       |     4 |       ||     4
 Armour: Robe              |    21 |    56 |       ||    77
         Ring mail         |       |       |    35 ||    35
         Scale mail        |       |       |     2 ||     2
  Dodge: Dodged            |    48 |   111 |    46 ||   205
  Block: Other             |       |    35 |    24 ||    59
         Reflection        |       |       |     1 ||     1
